 Dungeon Crawl Stone Soup version 0.23-a0-445-g768d57b (webtiles) character file.

137 GizzardofKazz the Shield-Bearer (level 5, -3/41 HPs)
             Began as a Formicid Fighter on Nov 18, 2018.
             Was an Initiate of Okawaru.
             Killed from afar by an orc wizard (7 damage)
             ... with a magic dart
             ... on level 4 of the Dungeon.
             The game lasted 00:05:58 (2624 turns).

GizzardofKazz the Shield-Bearer (Formicid Fighter)  Turns: 2624, Time: 00:06:00

Health: -3/41      AC: 11    Str: 21    XL:     5   Next: 43%
Magic:  5/5        EV:  5    Int:  8    God:    Okawaru [......]
Gold:   152        SH: 10    Dex: 10    Spells: 4/4 levels left

rFire    . . .     SeeInvis +   a - +0 war axe
rCold    . . .     Gourm    .   c - +0 shield
rNeg     . . .     Faith    .   v - +0 plate armour
rPois    .         Spirit   .   (helmet unavailable)
rElec    .         Reflect  .   (no cloak)
rCorr    .         Harm     .   (no gloves)
MR       .....                  (no boots)
Stlth    ..........             (no amulet)
HPRegen  0.13/turn              (no ring)
MPRegen  0.09/turn              (no ring)

@: no status effects
A: permanent stasis, dig shafts and tunnels, four strong arms, antennae 3
a: Dig, Shaft Self, Renounce Religion


You were on level 4 of the Dungeon.
You worshipped Okawaru.
Okawaru was noncommittal.
You were hungry.

You visited 1 branch of the dungeon, and saw 4 of its levels.

You collected 152 gold pieces.

Inventory:

Hand Weapons
 a - a +0 war axe (weapon)
Missiles
 o - 2 throwing nets (quivered)
Armour
 c - a +0 shield (worn)
 v - a +0 plate armour (worn)
Wands
 e - a wand of enslavement (5)
Scrolls
 b - 2 scrolls of immolation {unknown}
 g - a scroll of magic mapping {unknown}
 h - 3 scrolls of remove curse
 k - a scroll of enchant weapon {unknown}
 m - a scroll of blinking {unknown}
 s - a scroll of fear {unknown}
 u - a scroll of enchant armour {unknown}
Potions
 d - a potion of might
 i - a potion of berserk rage {unknown}
 j - a potion of curing
 n - a potion of brilliance
 r - a potion of invisibility {unknown}
 t - a potion of heal wounds {unknown}
Comestibles
 f - 5 rations


   Skills:
 - Level 3.2 Fighting
 + Level 3.9 Axes
 - Level 3.2 Armour
 + Level 5.4 Shields


You had 4 spell levels left.
You didn't know any spells.
Your spell library was empty.

Dungeon Overview and Level Annotations

Branches:
Dungeon (4/15)
 Temple: D:4-7

Altars:
Fedhas
Okawaru
Wu Jian


Innate Abilities, Weirdness & Mutations

You cannot be hasted, slowed, berserked, paralysed or teleported.
You can dig through walls and to a lower floor.
Your four strong arms can wield two-handed weapons with a shield.
You have a pair of large antennae on your head. (SInv)


Message History

The magic dart hits you!
The orc wizard gestures at you while chanting.
You resist with some effort.
Your plate armour prevents you from hitting the orc wizard.
The orc wizard is almost dead.
The orc wizard hits you but does no damage.
You block the orc wizard's attack.
You hit the orc wizard but do no damage.
The orc wizard is almost dead.
The orc wizard hits you but does no damage.
The orc wizard hits you with a +0 dagger.
* * * LOW HITPOINT WARNING * * *
You hit the orc wizard but do no damage.
The orc wizard is almost dead.
The orc wizard casts a spell at you. The magic dart hits you!
* * * LOW HITPOINT WARNING * * *
The orc wizard casts a spell at you. The magic dart hits you!
You die...

#######.........
.........###....
#####..## ###
#..## #.## #.#
#.# #)# #@#
#o..# ..### #..#
#..# #..# #..#
...#


You could see an orc wizard.

Vanquished Creatures
  An orc priest (D:4)
  3 adders (D:3)
  2 oozes
  2 dart slugs (D:1)
  3 worms
  2 leopard geckos
  3 orcs
  A ball python (D:2)
  A giant cockroach (D:1)
  7 goblins
  6 hobgoblins
  5 jackals (D:1)
  5 bats (D:2)
  4 frilled lizards
  2 kobolds
  13 rats
60 creatures vanquished.

Notes
Turn   | Place    | Note
-------+----------+-------------------------------------------
     0 | D:1      | GizzardofKazz the Formicid Fighter began the quest for the
                  | Orb.
     0 | D:1      | Reached XP level 1. HP: 18/18 MP: 1/1
    54 | D:1      | Reached XP level 2. HP: 15/24 MP: 2/2
    54 | D:1      | Reached skill level 4 in Shields
   416 | D:1      | Reached XP level 3. HP: 29/29 MP: 3/3
  1256 | D:2      | Reached XP level 4. HP: 29/35 MP: 4/4
  1558 | D:2      | Found a blossoming altar of Fedhas.
  1558 | D:2      | Found an ornate altar of the Wu Jian Council.
  1558 | D:2      | Found an iron altar of Okawaru.
  1584 | D:2      | Became a worshipper of Warmaster Okawaru
  1961 | D:3      | Reached skill level 5 in Shields
  2416 | D:3      | Reached XP level 5. HP: 40/41 MP: 5/5
  2624 | D:4      | Killed from afar by an orc wizard

Vault maps used:
D:1:      noname_arrival_rooms_in_the_neighbourhood
D:2:      gammafunk_temple_overflow_forgotten
D:3:      chequers_serial_rivers_marsh
D:4:      serial_shops, shop_statue

Skill      XL: |  1  2  3  4 |
---------------+-------------+-----
Shields        | 4 5 |  5.4
Axes           | 3 |  3.9
Fighting       | |  3.2
Armour         | |  3.2

Action                   |  1- 3 |  4- 6 || total
-------------------------+-------+-------++-------
Melee: War axe           |    88 |   125 ||   213
  Use: Scroll            |     3 |     2 ||     5
  Eat: Chunk             |     1 |     4 ||     5
Armor: Chain mail        |    21 |       ||    21
       Ring mail         |    21 |       ||    21
       Plate armour      |    13 |    70 ||    83
Dodge: Dodged            |    34 |    16 ||    50
Block: Shield            |    42 |    63 ||   105

Table legend:
 A = Non-vault XP
 B = Vault XP
 C = Vault XP percentage of total XP
 D = Non-vault monster count
 E = Vault monster count
 F = Vault count percentage of total count
                 A         B        C        D         E       F
            +---------+---------+-------+---------+---------+-------
      Total |     196 |       0 |   0.0 |      60 |       0 |   0.0
            +---------+---------+-------+---------+---------+-------
        D:1 |      46 |       0 |   0.0 |      22 |       0 |   0.0
        D:2 |      31 |       0 |   0.0 |      19 |       0 |   0.0
        D:3 |      69 |       0 |   0.0 |      15 |       0 |   0.0
        D:4 |      50 |       0 |   0.0 |       4 |       0 |   0.0
            +---------+---------+-------+---------+---------+-------
